 Dungeon Crawl Stone Soup version 0.27-a0-1119-gbf574a6a6b (webtiles) character file.

Game seed: 12386615161679447884

24 Zeld the Shield-Bearer (level 3, -1/26 HPs)
             Began as an Octopode Fighter on May 2, 2021.
             Slain by an ufetubus (2 damage)
             ... on level 4 of the Dungeon.
             The game lasted 00:01:00 (747 turns).

Zeld the Shield-Bearer (Octopode Fighter)            Turns: 747, Time: 00:01:01

Health: -1/26      AC:  1    Str: 16    XL:     3   Next: 2%
Magic:  3/3        EV: 11    Int: 10    God:
Gold:   13         SH:  8    Dex: 11    Spells: 2/2 levels left

rFire    . . .     SeeInvis .   a - +0 war axe
rCold    . . .     Faith    .   b - +0 kite shield
rNeg     . . .     Spirit   .   (helmet restricted)
rPois    .         Reflect  .   (no amulet)
rElec    .         Harm     .   (no ring)
rCorr    .         Rampage  .   (no ring)
Will     .....                  (no ring)
Stlth    ++........             (no ring)
HPRegen  0.08/turn              (no ring)
MPRegen  0.08/turn              (no ring)
                                (no ring)
                                (no ring)

@: no status effects
A: almost no armour, amphibious, 8 rings, camouflage 1, gelatinous body 1,
(nimble swimmer 1), tentacles
a: no special abilities


You were on level 4 of the Dungeon.
You visited 1 branch of the dungeon, and saw 4 of its levels.

You collected 13 gold pieces.

Inventory:

Hand Weapons
 a - a +0 war axe (weapon)
Missiles
 g - 3 boomerangs (quivered)
Armour
 b - a +0 kite shield (worn)
Wands
 k - a wand of charming (9)
Scrolls
 h - a scroll of immolation {unknown}
Potions
 c - a potion of might
 d - 2 potions of curing {unknown}
 e - a potion of mutation {unknown}
 i - 2 potions of brilliance {unknown}
 j - a potion of degeneration {unknown}


   Skills:
 * Level 3.3 Fighting
 * Level 2.5 Axes
 - Level 3.0 Dodging
 * Level 3.3 Shields


You had 2 spell levels left.
You didn't know any spells.
Your spell library was empty.

Dungeon Overview and Level Annotations

Branches:
Dungeon (4/15)
 Temple: D:4-7

Altars:
Gozag
Hepliaklqana
Yredelemnul


Innate Abilities, Weirdness & Mutations

You cannot wear most types of armour.
You are amphibious.
You can wear up to eight rings at the same time.
Your skin changes colour to match your surroundings (Stealth+).
Your rubbery body absorbs attacks. (AC +1, EV +1)
((You are camouflaged near water. (Stealth+)))
You have tentacles for arms and can constrict up to eight enemies at once.


Message History

Drop what? 11/52 slots (_ for help) (? for menu, Esc to quit)
You drop a +0 ring mail.
HP restored.
Things that are here:
a +0 whip; a kobold skeleton You now have 13 gold pieces (gained 8).
Found a basalt altar of Yredelemnul.
Search for what [? for help]?
Okay, then.
Search for what [? for help]? hat Can't find anything matching that.
Found an opulent altar of Gozag and a hazy altar of Hepliaklqana.
An ufetubus comes into view.
The ufetubus shouts!
An ufetubus is nearby!
You completely miss the ufetubus. Your grab misses the ufetubus.
You block the ufetubus's attack. The ufetubus closely misses you.
The ufetubus hits you. x2
The ufetubus misses you. The ufetubus barely misses you.
The ufetubus hits you. x2
You closely miss the ufetubus. Your grab misses the ufetubus.
Your squeeze misses the ufetubus. The ufetubus hits you.
You block the ufetubus's attack. x2; The ufetubus closely misses you.
You are too injured to fight recklessly!
You miss the ufetubus. Your grab misses the ufetubus.
The ufetubus barely misses you. x2; You block the ufetubus's attack.
The ufetubus misses you. The ufetubus hits you.
You block the ufetubus's attack.
You are too injured to fight recklessly!
You are too injured to fight recklessly!
You closely miss the ufetubus. Your grab misses the ufetubus.
Your squeeze misses the ufetubus. The ufetubus hits you. x2
* * * LOW HITPOINT WARNING * * *
The ufetubus hits you.
* * * LOW HITPOINT WARNING * * *
The ufetubus hits you.
* * * LOW HITPOINT WARNING * * *
You miss the ufetubus. You grab the ufetubus. You constrict the ufetubus.
The ufetubus hits you but does no damage.
You block the ufetubus's attack. x2; The ufetubus hits you.
You die...

### # #.# ##_#
#.#
8...8##.######
.....##5##...#
....._#@.....#
.....##.##...#
8...8##.###.##
##_# ###
#.###### #
#......#
######.# #.#
#.# . #.#


You could see an ufetubus.

Vanquished Creatures
  An adder (D:2)
  A dart slug (D:4)
  An orc (D:4)
  2 ball pythons
  A goblin (D:1)
  2 quokkas (D:4)
  A frilled lizard (D:1)
  2 kobolds
  2 rats
13 creatures vanquished.

Notes
Turn   | Place    | Note
-------+----------+-------------------------------------------
     0 | D:1      | Zeld the Octopode Fighter began the quest for the Orb.
     0 | D:1      | Reached XP level 1. HP: 16/16 MP: 1/1
   176 | D:2      | Reached XP level 2. HP: 21/21 MP: 2/2
   504 | D:4      | Reached XP level 3. HP: 9/26 MP: 3/3
   738 | D:4      | Found a basalt altar of Yredelemnul.
   740 | D:4      | Found an opulent altar of Gozag.
   740 | D:4      | Found a hazy altar of Hepliaklqana.
   746 | D:4      | HP: 1/26 [ufetubus (1)]
   747 | D:4      | Slain by an ufetubus

Illustrated notes

Levels and vault maps discovered:
D:1:      minmay_arrival_loop, layout_rooms,
          hellmonk_ecumenical_altar_dog_temple
D:2:      layout_loops_ring
D:3:      minmay_octagon_keep, layout_basic, st_stairs_13,
          corexii_item_surrounded_by_moat, minmay_joined_circles
D:4:      layout_loops_corners, nicolae_overflow_hidden_temple,
          amcnicky_mini_pool_small

Action                   || total
-------------------------++-------
Melee: War axe           ||    30
       Constrict         ||     9
       Tentacles         ||     3
 Stab: Sleeping          ||     1
Armor: Skin              ||     3
Dodge: Dodged            ||    19
Block: Kite shield       ||    19

Table legend: (Time is in decaauts)
 A = Elapsed time spent in this place.
 B = Non-inter-level travel time spent in this place.
 C = Inter-level travel time spent in this place.
 D = Time resting spent in this place.
 E = Time spent auto-exploring this place.
 F = Levels seen in this place.
 G = Mean time per level.
                   A        B        C        D        E       F      G
               +--------+--------+--------+--------+--------+-----+--------+
         Total |    765 |    727 |     38 |      0 |    583 |   4 |  191.2 |
       Dungeon |    765 |    727 |     38 |      0 |    583 |   4 |  191.2 |
               +--------+--------+--------+--------+--------+-----+--------+

Top non-repeatable levels by time:
     D:4: 452 daAuts
     D:1: 173 daAuts
     D:2: 100 daAuts
     D:3: 38 daAuts
